 Dungeon Crawl Stone Soup version 0.29.0 (webtiles) character file.

Game seed: 13781687076949151013

740 Kosidy the Scratcher (level 7, -2/30 HPs)
             Began as a Felid Transmuter on Sept 6, 2022.
             Was an Initiate of Gozag.
             Killed by nerve-wracking pain
             ... invoked by an orc priest
              (5 damage)
             ... on level 6 of the Dungeon.
             The game lasted 00:14:54 (9090 turns).

Kosidy the Scratcher (Felid Transmuter)             Turns: 9090, Time: 00:14:54

Health: -2/30      AC:  2    Str:  8    XL:     7   Next: 46%
Magic:  13/15      EV: 25    Int: 14    God:    Gozag
Gold:   301        SH:  0    Dex: 22    Spells: 11/15 levels left
                                        Lives:  0   Deaths: 2

rFire   . . .      SeeInvis +     - Unarmed
rCold   . . .      Faith    .   (shield unavailable)
rNeg    . . .      Spirit   .   (body armour unavailable)
rPois   x          Reflect  .   (helmet unavailable)
rElec   .          Harm     .   (cloak unavailable)
rCorr   .          Rampage  .   (gloves unavailable)
Will    +....                   (boots unavailable)
Stlth   +++.......              (no amulet)
HPRegen 0.10/turn               (no ring)
MPRegen 0.14/turn               (no ring)

@: spider-form (expiring), gold aura
A: venomous fangs, tiny, (claws 1), (fangs 3), see invisible, (speed 1), (shaggy
fur 2), (stealthy paws), no weapons or thrown items, no armour, multi-lived
a: End Transformation, Renounce Religion, Potion Petition, Call Merchant, Bribe
Branch


You were on level 6 of the Dungeon.
You worshipped Gozag.
Gozag was aware of your devotion.
You were a venomous arachnid creature.
You visited 2 branches of the dungeon, and saw 7 of its levels.

You collected 378 gold pieces.
You paid 77 gold pieces to Gozag.

Inventory:

Wands
 t - a wand of mindburst (17)
Scrolls
 b - 3 scrolls of magic mapping
 e - 2 scrolls of vulnerability
 f - a scroll of summoning
 g - a scroll of torment
 m - a scroll of enchant armour
 s - 3 scrolls of butterflies
 w - 2 scrolls of teleportation
Potions
 a - 3 potions of lignification
 d - 2 potions of might {unknown}
 h - a potion of ambrosia {unknown}
 i - 4 potions of curing
 j - a potion of attraction {unknown}
 k - a potion of flight {unknown}
 l - a potion of brilliance {unknown}
 n - a potion of cancellation {unknown}
 p - a potion of invisibility {unknown}
 u - a potion of resistance {unknown}


   Skills:
 + Level 2.3 Fighting
 + Level 6.6 Dodging
 + Level 3.7 Stealth
 + Level 7.5 Unarmed Combat
 + Level 4.9 Spellcasting
 + Level 5.8 Transmutations
 + Level 2.0 Poison Magic


You had 11 spell levels left.
You knew the following spells:

 Your Spells              Type           Power      Damage    Failure   Level
a - Beastly Appendage     Tmut           38%        N/A       7%          1
b - Spider Form           Tmut/Pois      14%        N/A       26%         3

Your spell library contained the following spells:

 Spells                   Type           Power      Damage    Failure   Level
 Wereblood                Tmut           19%        N/A       9%          2
 Shock                    Conj/Air       12%        1d3       38%         1
 Ignite Poison            Fire/Tmut/Pois 10%        N/A       38%         3
 Ice Form                 Ice/Tmut       11%        N/A       67%         4
 Conjure Flame            Conj/Fire      3%         6-21      69%         3
 Swiftness                Air            3%         N/A       69%         3
 Airstrike                Air            1%         2d(1-17)  96%         4
 Sticky Flame             Conj/Fire      3%         2d3       96%         4


Dungeon Overview and Level Annotations

Branches:
Dungeon (6/15)             Temple (1/1) D:5

Altars:
Ashenzari
Cheibriados
Dithmenos
Elyvilon
Fedhas
Gozag
Hepliaklqana
Kikubaaqudgha
Makhleb
Nemelex Xobeh
Okawaru
Qazlal
Ru
Sif Muna
Trog
Uskayaw
Vehumet
Wu Jian
Xom
Yredelemnul
Zin
The Shining One

Shops:
D:4 *((


Innate Abilities, Weirdness & Mutations

You are a venomous arachnid creature.
You have poisonous fangs.
You are tiny and dextrous.
Your spellcasting is less reliable in this form.
((You have sharp claws.))
((You have razor-sharp teeth.))
You have supernaturally acute eyesight. (SInv)
((You cover ground quickly. (Speed+)))
((You are covered in thick fur. (AC +2)))
((Your paws help you pounce on unaware monsters.))
You are incapable of wielding weapons or throwing items.
You cannot wear armour.
You gain extra lives every three experience levels.


Message History

The orc is almost dead.
The orc closely misses you.
You barely miss the orc. You headbutt the orc.
You kill the orc!
There is an open door here.
Casting: Beastly Appendage (safe; 1% risk of failure)
Confirm with . or Enter, or press ? or * to list all spells.
The spell is quite dangerous to miscast (11% risk of failure)!
Continue anyway?
Your horns disappear.
You turn into a venomous arachnid creature.
Unknown command.
An orc priest is nearby!
Unknown command.
Unknown command.
There is an open door here.
You hit the orc warrior but do no damage.
The orc warrior is poisoned.
The orc priest looks satisfied for a moment.
The orc warrior hits you with a +0 short sword!
Ouch! That really hurt!
Unknown command.
The orc priest attacks as you move away!
The orc priest hits you with a +0 club.
* * * LOW HITPOINT WARNING * * *
The orc priest is distracted by your dazzling golden aura.
The orc wizard gestures wildly while chanting.
The orc wizard flickers and vanishes for a moment.
Unknown command.
You open the door.
The orc wizard gestures at you while chanting.
The magic dart hits you.
* * * LOW HITPOINT WARNING * * *
There is an open door here.
The orc warrior is distracted by your dazzling golden aura.
The orc priest is no longer distracted by gold.
Your transformation is almost over.
The orc priest invokes the aid of Beogh against you.
Pain shoots through your body!
You die...
Your body crumbles into a pile of gold.

#.....#o....
#..........>
#...$###
#....'o#
#...o#o#
#....#'## #
#####...#
##.#####...#
#.......s..#
#..........#
#..........#
##+#####...#
#...####
#......####.#
#...........#
##+#.#####.##
#.........#


You could see an orc warrior (unaware, poisoned), an orc priest and an orc
wizard (invisible).

Vanquished Creatures
  Pikel (D:4)
  Grinder (D:5)
  Prince Ribbit (D:5)
  2 water moccasins (D:5)
  An ice beast (D:5)
  An ogre (D:5)
  2 phantoms (D:4)
  Blork the orc (D:4)
  A scorpion (D:5)
  A necrophage (D:5)
  3 hounds (D:4)
  2 jellies (D:5)
  An iguana (D:6)
  Robin (D:2)
  8 adders
  7 gnolls
  2 white imps
  An ufetubus (D:5)
  A worm (D:5)
  3 dart slugs (D:1)
  6 orcs
  11 ball pythons
  3 bats
  6 endoplasms
  2 giant cockroaches (D:1)
  5 hobgoblins
  4 jackals (D:2)
  8 kobolds
  4 quokkas
  2 frilled lizards (D:1)
  16 goblins
  4 rats
112 creatures vanquished.

Vanquished Creatures (others)
  8 plants (D:5)
8 creatures vanquished.

Grand Total: 120 creatures vanquished

Notes
Turn   | Place    | Note
-------+----------+-------------------------------------------
     0 | D:1      | Kosidy the Felid Transmuter began the quest for the Orb.
     0 | D:1      | Reached XP level 1. HP: 9/9 MP: 4/4
   341 | D:1      | Reached XP level 2. HP: 6/12 MP: 4/6
   871 | D:1      | You fall into a shaft and drop 1 floor!
  1522 | D:1      | Reached XP level 3. HP: 12/15 MP: 5/7
  2302 | D:2      | Noticed Robin
  2333 | D:2      | Killed Robin
  2728 | D:2      | Reached XP level 4. HP: 19/19 MP: 6/8
  3176 | D:3      | Found a faded altar of an unknown god.
  4244 | D:3      | Reached XP level 5. HP: 21/22 MP: 8/10
  4322 | D:3      | Reached skill level 4 in Unarmed Combat
  4608 | D:3      | Learned a level 3 spell: Spider Form
  4641 | D:4      | Noticed Pikel
  4641 | D:4      | Noticed a lemure
  4667 | D:4      | Killed Pikel
  4668 | D:4      | Reached skill level 5 in Unarmed Combat
  4668 | D:4      | Gained mutation: You are covered in thick fur. (AC +2)
                  | [Felid growth]
  4668 | D:4      | Reached XP level 6. HP: 6/25 MP: 8/12
  4668 | D:4      | Reached XP level 7. HP: 6/28 MP: 8/13
  4957 | D:4      | Reached skill level 5 in Dodging
  5547 | D:4      | Noticed Blork the orc
  5907 | D:4      | Found Luukov's General Store.
  5933 | D:4      | Found Naigan's Antique Weapon Shoppe.
  6123 | D:4      | Killed Blork the orc
  6124 | D:4      | Reached skill level 5 in Transmutations
  6538 | D:4      | Found Peuw Sutt's Weapon Boutique.
  6621 | D:4      | Found an ancient bone altar of Kikubaaqudgha.
  6622 | D:4      | Found a glowing golden altar of the Shining One.
  6623 | D:4      | Found a sparkling altar of Nemelex Xobeh.
  6624 | D:4      | Found a blossoming altar of Fedhas.
  6720 | D:5      | Entered Level 5 of the Dungeon
  6730 | D:5      | Reached skill level 6 in Unarmed Combat
  6730 | D:5      | Reached XP level 8. HP: 8/33 MP: 12/15
  6968 | D:5      | Noticed Prince Ribbit
  6984 | D:5      | Reached skill level 1 in Poison Magic
  7046 | D:5      | Found a staircase to the Ecumenical Temple.
  7074 | Temple   | Entered the Ecumenical Temple
  7084 | Temple   | Became a worshipper of Gozag Ym Sagoz the Greedy
  7180 | D:5      | Slain by a gnoll sergeant
  7181 | D:5      | Reached XP level 7. HP: -2/29 MP: 12/14
  7255 | D:5      | Noticed Grinder
  7543 | D:5      | Killed Prince Ribbit
  7544 | D:5      | Reached skill level 7 in Unarmed Combat
  7544 | D:5      | Reached XP level 8. HP: 11/33 MP: 12/16
  7993 | D:5      | Killed Grinder
  8969 | D:6      | Killed from afar by an orc priest
  8970 | D:6      | Reached XP level 7. HP: -2/30 MP: 14/15
  9090 | D:6      | Killed from afar by an orc priest

Illustrated notes

Levels and vault maps discovered:
D:1:      sevenhm_arrival_forest_fort_small_6, layout_basic
D:2:      layout_loops_ring, minmay_unequal, uniq_robin
D:3:      layout_loops_corners, basic_ecumenical_altar, minmay_snake_closets
D:4:      layout_rooms, mainiacjoe_overflow_alcove_3, serial_shops,
          nicolae_take_the_stairs, shop, nicolae_shop_bloodbath_and_beyond,
          palyth_stone_intersect, uniq_pikel, uniq_blork_the_orc
D:5:      layout_loops_ring, minmay_temple_entry_gardened_gates, uniq_grinder,
          uniq_prince_ribbit1
D:6:      layout_basic, minmay_misc_feat_rows, uniq_eustachio
Temple:   nicolae_temple_no_exploring_needed

Skill      XL: |  1  2  3  4  5  6  7  8 |
---------------+-------------------------+-----
Dodging        | 3 4 6 |  6.6
Transmutations | 3 4 5 |  5.8
Unarmed Combat | 5 7 |  7.5
Stealth        | 2 3 |  3.7
Spellcasting   | 3 4 |  4.9
Poison Magic   | 2 |  2.0
Fighting       | 2 |  2.3

Action                   |  1- 3 |  4- 6 |  7- 9 || total
-------------------------+-------+-------+-------++-------
Melee: Unarmed           |    99 |    70 |   199 ||   368
       Headbutt          |    20 |     8 |     5 ||    33
       Bite              |     7 |     3 |     3 ||    13
       Punch             |     1 |     4 |       ||     5
 Cast: Beastly Appendage |    30 |    23 |    12 ||    65
       Spider Form       |       |     1 |    22 ||    23
  Use: Scroll            |       |       |    12 ||    12
       Potion            |       |       |     1 ||     1
 Stab: Sleeping          |       |     1 |     2 ||     3
       Distracted        |       |       |     1 ||     1
Armor: Skin              |     5 |     4 |     7 ||    16
Dodge: Dodged            |    73 |    67 |   189 ||   329
